 Dungeon Crawl Stone Soup version 0.29-a0-857-g9b1aa3ac5b (webtiles) character file.

Game seed: 10639792660358994582

26 nxtlvl the Cutter (level 2, 0/18 HPs)
             Began as a Deep Elf Monk on July 16, 2022.
             Succumbed to an adder's poison
             ... on level 2 of the Dungeon.
             The game lasted 00:06:37 (873 turns).

nxtlvl the Cutter (Deep Elf Monk)                    Turns: 873, Time: 00:06:38

Health: 0/18       AC:  3    Str: 14    XL:     2   Next: 89%
Magic:  4/4        EV: 13    Int: 14    God:
Gold:   191        SH:  0    Dex: 17    Spells: 1/1 levels left

rFire   . . .      SeeInvis .   a - +1 dagger (venom)
rCold   . . .      Faith    .   (no shield)
rNeg    . . .      Spirit   .   e - +0 leather armour
rPois   .          Reflect  .   d - +0 hat
rElec   .          Harm     .   (no cloak)
rCorr   .          Rampage  .   (no gloves)
Will    .....                   (no boots)
Stlth   ++........              (no amulet)
HPRegen 0.06/turn               o - +6 ring of strength
MPRegen 0.09/turn               (no ring)

@: mighty, lethally poisoned (0 -> -4)
A: no striking features
a: no special abilities


You were on level 2 of the Dungeon.
You visited 1 branch of the dungeon, and saw 3 of its levels.

You collected 205 gold pieces.
You spent 14 gold pieces at shops.

Inventory:

Hand Weapons
 a - a +1 dagger of venom (weapon)
 b - a +0 sling
 l - the +5 demon whip "Spellbinder" {antimagic, Will+}
   (You found it on level 2 of the Dungeon)

   It reduces the magical energy of the wielder, and disrupts the spells and
   magical abilities of those it strikes.
   Natural abilities and divine invocations are not affected.
   It unleashes wild and unpredictable magical effects upon striking a wizard or
   a creature with magical abilities.
   Will:      It increases your willpower.
Missiles
 i - 14 stones
Armour
 d - a +0 hat (worn)
 e - a +0 leather armour (worn)
 f - a +0 ring mail
 g - a +0 robe
Jewellery
 o - a +6 ring of strength (left hand)
Scrolls
 k - a scroll of teleportation {unknown}
 n - a scroll of identify {unknown}
 p - a scroll of enchant weapon {unknown}
Potions
 c - 3 potions of ambrosia
 h - 2 potions of might
 j - a potion of mutation {unknown}
 m - a potion of magic {unknown}


   Skills:
 - Level 2.4 Fighting
 * Level 4.1 Short Blades
 - Level 3.6 Dodging
 - Level 2.4 Stealth


You had one spell level left.
You didn't know any spells.
Your spell library was empty.

Dungeon Overview and Level Annotations

Branches:
Dungeon (3/15)

Altars:

Shops:
D:2 !

Annotations:
D:2 1 runed translucent door, Crazy Yiuf
D:3 Sigmund


Message History

You climb downwards.
Level annotation: Sigmund A dart slug comes into view.
The worm closely misses you.
Found a sling and 7 gold pieces.
There is a stone staircase leading up here.
You hit the worm.
The worm is moderately wounded.
The dart slug launches a dart at you. The slug dart hits you.
You barely miss the worm.
The worm is moderately wounded.
The worm bites you.
* * * LOW HITPOINT WARNING * * *
You climb upwards.
Level annotation: 1 runed translucent door, Crazy Yiuf
There is a stone staircase leading down here.
Unknown command.
You hit the worm.
The worm is moderately wounded.
The worm bites you.
* * * LOW HITPOINT WARNING * * *
You hit the worm.
The worm is poisoned.
The worm is moderately wounded.
An adder comes into view.
An adder is nearby!
The adder hisses angrily.
You barely miss the adder. The adder misses you.
You hit the adder but do no damage. The adder bites you.
* * * LOW HITPOINT WARNING * * *
You are lethally poisoned!
The adder poisons you!
You hit the adder.
The adder is poisoned.
The adder is moderately wounded.
* * * LOW HITPOINT WARNING * * *
You feel sick. The adder closely misses you.
Unknown command.
It was a potion of might.
You feel very mighty all of a sudden.
You die...

.........#^............'.........
###...##.########....###.........
##.#..... ##.#.# #.......#
###.#.##.# ###.# ##.....## .#.# #
### #.# ##...### .#.# #.. ..#
##'## ...# #.# ### #.# #S# #.###
#@# ####...# # #.########....#.#
# #...............# ##
############...### .. ##..... ..
#.#### .. #.# ## #.# # ###.####


You could see an adder (very poisoned).

Vanquished Creatures
  A dart slug (D:2)
  2 endoplasms (D:2)
  A giant cockroach (D:1)
  2 goblins
  4 hobgoblins (D:2)
  5 kobolds
  2 bats (D:2)
  2 frilled lizards (D:2)
  3 rats
22 creatures vanquished.

Vanquished Creatures (others)
  A fungus (D:2)
  4 toadstools (D:2)
5 creatures vanquished.

Grand Total: 27 creatures vanquished

Notes
Turn   | Place    | Note
-------+----------+-------------------------------------------
     0 | D:1      | nxtlvl the Deep Elf Monk began the quest for the Orb.
     0 | D:1      | Reached XP level 1. HP: 13/13 MP: 3/3
   143 | D:2      | Reached XP level 2. HP: 3/18 MP: 4/4
   327 | D:2      | Reached skill level 4 in Short Blades
   467 | D:2      | Found the +5 demon whip "Spellbinder" {antimagic, Will+}
   475 | D:2      | Identified the +2 hammer "Huikich" {drain, rCorr Dex+4}
   478 | D:2      | Found a runed translucent door.
   479 | D:2      | Noticed Crazy Yiuf
   540 | D:3      | Noticed Sigmund
   560 | D:2      | Found a faded altar of an unknown god.
   654 | D:2      | Found Pazescham's Distillery.
   657 | D:2      | Bought a potion of degeneration for 14 gold pieces
   873 | D:2      | Succumbed to an adder's poison

Illustrated notes

Levels and vault maps discovered:
D:1:      dpeg_arrival_solitude, layout_rooms, serial_shops, shop,
          amcnicky_mini_corridor_feature, grunt_decor_arrowhead
D:2:      layout_loops_corners, basic_ecumenical_altar, serial_shops, shop,
          corner_web_ring, minmay_gold_behind_fungi, uniq_crazy_yiuf_cottage
D:3:      layout_basic, minmay_misc_feat_tiny, minmay_misc_feat_tower,
          uniq_robin, uniq_sigmund

Skill      XL: |  1  2 |
---------------+-------+-----
Short Blades   | 4 |  4.1
Fighting       | |  2.4
Dodging        | |  3.6
Stealth        | |  2.4

Action                   || total
-------------------------++-------
Melee: Short sword       ||    61
       Dagger            ||     9
       Punch             ||     1
 Fire: Sling             ||     7
  Use: Potion            ||     1
 Stab: Sleeping          ||     3
Armor: Leather armour    ||    13
Dodge: Dodged            ||    29

Table legend: (Time is in decaauts)
 A = Elapsed time spent in this place.
 B = Non-inter-level travel time spent in this place.
 C = Inter-level travel time spent in this place.
 D = Time resting spent in this place.
 E = Time spent auto-exploring this place.
 F = Levels seen in this place.
 G = Mean time per level.
                   A        B        C        D        E       F      G
               +--------+--------+--------+--------+--------+-----+--------+
         Total |    869 |    869 |      0 |      0 |      0 |   3 |  289.7 |
       Dungeon |    869 |    869 |      0 |      0 |      0 |   3 |  289.7 |
               +--------+--------+--------+--------+--------+-----+--------+

Top non-repeatable levels by time:
     D:2: 705 daAuts
     D:1: 157 daAuts
     D:3: 6 daAuts
